NWL
TRI-CITY DUST DEVILS @ RENTON WRECKS
07/03/1982
 
TOP OF THE 1ST
Tri-City Dust Devils batting - Pitching for Renton Wrecks : RHP Gary Frank
Pitching: RHP Gary Frank
Batting: LHB LaVel Freeman 0-0: Called Strike
0-1: Ball
1-1: Swinging Strike
1-2: SINGLE (Flyball, 8RS, EV 91.3 MPH)
Batting: LHB Kevin Jones 0-0: Called Strike
0-1: Foul Ball, location: 2F
0-2: Ball
1-2: Ball
2-2: Ball
3-2: Base on Balls
LaVel Freeman to second
Batting: RHB Desmond Brooks 0-0: Called Strike
0-1: Fly out, F5 (Popup, 56, EV 66.3 MPH)
Batting: LHB Rafael Codinach 0-0: Ball
LaVel Freeman steals 3rd base
Kevin Jones to second
1-0: Ball
2-0: SINGLE (Line Drive, 9S, EV 113.8 MPH)
LaVel Freeman scores
Kevin Jones to third
Batting: RHB Felipe Hernandez 0-0: Called Strike
0-1: Foul Ball, location: 2F
0-2: Strikes out looking
Batting: LHB George Priftis Pickoff Throw to First - Out! 1-3
Top of the 1st over - 1 run, 2 hits, 0 errors, 1 left on base; Tri-City 1 - Renton 0
BOTTOM OF THE 1ST
Renton Wrecks batting - Pitching for Tri-City Dust Devils : RHP Guillermo Perez
Pitching: RHP Guillermo Perez
Batting: RHB Rolando Pino 0-0: Ball
1-0: Foul Ball, location: 2F
1-1: Swinging Strike
1-2: Ball
2-2: Foul Ball, location: 2F
2-2: Foul Ball, location: 2F
2-2: Ground out U3 (Groundball, 34, EV 82.5 MPH)
Batting: LHB Troy Thomas 0-0: Called Strike
0-1: Swinging Strike
0-2: Fly out, F9 (Flyball, 9D, EV 98.8 MPH)
Batting: RHB Luis Gomez 0-0: Called Strike
0-1: Foul Ball, location: 2F
0-2: Foul Ball, location: 2F
0-2: Strikes out swinging
Bottom of the 1st over - 0 runs, 0 hits, 0 errors, 0 left on base; Tri-City 1 - Renton 0
TOP OF THE 2ND
Tri-City Dust Devils batting - Pitching for Renton Wrecks : RHP Gary Frank
Batting: LHB George Priftis 0-0: Ball
1-0: Called Strike
1-1: Swinging Strike
1-2: Ball
2-2: Ground out 6-3 (Groundball, 6, EV 91.3 MPH)
Batting: LHB Daraka Shaheed 0-0: Called Strike
0-1: Ball
1-1: Foul Ball, location: 2F
1-2: Strikes out swinging
Batting: RHB Dennis Glynn 0-0: Ball
1-0: Foul Ball, location: 2F
1-1: Ball
2-1: Called Strike
2-2: Ground out 4-3 (Groundball, 4, EV 91.3 MPH)
Top of the 2nd over - 0 runs, 0 hits, 0 errors, 0 left on base; Tri-City 1 - Renton 0
BOTTOM OF THE 2ND
Renton Wrecks batting - Pitching for Tri-City Dust Devils : RHP Guillermo Perez
Batting: RHB Stan Holmes 0-0: Ball
1-0: Foul Ball, location: 2F
1-1: SOLO HOME RUN (Flyball, 78XD, EV 100.6 MPH), Distance : 403 ft
Batting: SHB Ethan Charles 0-0: Ball
1-0: Called Strike
1-1: Ball
2-1: Foul Ball, location: 2F
2-2: Fly out, F6 (Line Drive, 6, EV 66.3 MPH)
Batting: RHB Jose Leiva 0-0: Called Strike
0-1: Ball
1-1: SINGLE (Flyball, 89S, EV 92.5 MPH)
Batting: LHB Paul Thoutsis 0-0: Ball
1-0: Ball
Jose Leiva is caught stealing 2nd base 2-6
2-0: Foul Ball, location: 2F
2-1: Ball
3-1: Called Strike
3-2: Base on Balls
Batting: RHB Frank Garcia 0-0: Called Strike
0-1: Ball
1-1: Fielders Choice at 2nd, 5-4 (Groundball, 56, EV 109.4 MPH)
Bottom of the 2nd over - 1 run, 2 hits, 0 errors, 1 left on base; Tri-City 1 - Renton 1
TOP OF THE 3RD
Tri-City Dust Devils batting - Pitching for Renton Wrecks : RHP Gary Frank
Batting: RHB Jeff DeWillis 0-0: Ball
1-0: Called Strike
1-1: Called Strike
1-2: Ground out 6-3 (Groundball, 6, EV 85.0 MPH)
Batting: LHB LaVel Freeman 0-0: Called Strike
0-1: Ball
1-1: Called Strike
1-2: Fly out, F8 (Flyball, 89S, EV 80.0 MPH)
Batting: LHB Kevin Jones 0-0: Ball
1-0: Swinging Strike
1-1: SINGLE (Groundball, 3D, EV 98.8 MPH)
Batting: RHB Desmond Brooks 0-0: Ball
1-0: Ball
2-0: Ground out 5-3 (Groundball, 56, EV 103.8 MPH)
Top of the 3rd over - 0 runs, 1 hit, 0 errors, 1 left on base; Tri-City 1 - Renton 1
BOTTOM OF THE 3RD
Renton Wrecks batting - Pitching for Tri-City Dust Devils : RHP Guillermo Perez
Batting: LHB Christian Bryeans 0-0: Ball
1-0: Ball
2-0: Ball
3-0: Base on Balls
Batting: RHB Rolando Pino 0-0: Foul Ball, location: 2F
0-1: Ball
1-1: Called Strike
1-2: Ball
2-2: Ball
3-2: Ground out 6-3 (Groundball, 6, EV 90.6 MPH)
Christian Bryeans to second
Batting: LHB Troy Thomas 0-0: Swinging Strike
0-1: Ball
1-1: Ground out 3-1 (Groundball, 34, EV 106.9 MPH)
Christian Bryeans to third
Batting: RHB Luis Gomez 0-0: Ball
1-0: Called Strike
1-1: Foul Ball, location: 2F
1-2: Strikes out swinging
Bottom of the 3rd over - 0 runs, 0 hits, 0 errors, 1 left on base; Tri-City 1 - Renton 1
TOP OF THE 4TH
Tri-City Dust Devils batting - Pitching for Renton Wrecks : RHP Gary Frank
Batting: LHB Rafael Codinach 0-0: Called Strike
0-1: Called Strike
0-2: Ball
1-2: Ground out 4-3 (Groundball, 4, EV 80.6 MPH)
Batting: RHB Felipe Hernandez 0-0: Ball
1-0: Fly out, F9 (Flyball, 9LD, EV 101.3 MPH)
Batting: LHB George Priftis 0-0: Fly out, F7 (Flyball, 7S, EV 85.0 MPH)
Top of the 4th over - 0 runs, 0 hits, 0 errors, 0 left on base; Tri-City 1 - Renton 1
BOTTOM OF THE 4TH
Renton Wrecks batting - Pitching for Tri-City Dust Devils : RHP Guillermo Perez
Batting: RHB Stan Holmes 0-0: Swinging Strike
0-1: Ball
1-1: SINGLE (Groundball, 56D, EV 98.1 MPH)
Batting: SHB Ethan Charles 0-0: Ball
1-0: Ball
2-0: Ball
3-0: Called Strike
3-1: Fly out, F8 (Flyball, 8RD, EV 91.3 MPH)
Batting: RHB Jose Leiva 0-0: Swinging Strike
0-1: Ball
1-1: Foul Ball, location: 2F
1-2: Foul Ball, location: 2F
1-2: Strikes out swinging
Batting: LHB Paul Thoutsis 0-0: Fielders Choice at 2nd, 5-4 (Groundball, 56, EV 87.5 MPH)
Bottom of the 4th over - 0 runs, 1 hit, 0 errors, 1 left on base; Tri-City 1 - Renton 1
TOP OF THE 5TH
Tri-City Dust Devils batting - Pitching for Renton Wrecks : RHP Gary Frank
Batting: LHB Daraka Shaheed 0-0: Fly out, F7 (Flyball, 7LS, EV 81.9 MPH)
Batting: RHB Dennis Glynn 0-0: Ball
1-0: Called Strike
1-1: Foul Ball, location: 2F
1-2: Ball
2-2: Foul Ball, location: 2F
2-2: Fly out, F9 (Flyball, 9, EV 87.5 MPH)
Batting: RHB Jeff DeWillis 0-0: Called Strike
0-1: Ball
1-1: Called Strike
1-2: Foul Ball, location: 2F
1-2: Ball
2-2: Strikes out swinging
Top of the 5th over - 0 runs, 0 hits, 0 errors, 0 left on base; Tri-City 1 - Renton 1
BOTTOM OF THE 5TH
Renton Wrecks batting - Pitching for Tri-City Dust Devils : RHP Guillermo Perez
Batting: RHB Frank Garcia 0-0: Ball
1-0: Foul Ball, location: 2F
1-1: Called Strike
1-2: DOUBLE (Line Drive, 78XD, EV 106.9 MPH)
Batting: LHB Christian Bryeans 0-0: Ball
1-0: SINGLE (Line Drive, 8LM, EV 91.3 MPH)
Frank Garcia to third
Runner from 3rd tries for Home, SAFE, throw by CF to home
Batting: RHB Rolando Pino 0-0: Fielders Choice at 2nd, 5-4 (Groundball, 56S, EV 82.5 MPH)
Batting: LHB Troy Thomas 0-0: Ball
1-0: Fly out, F8 (Flyball, 8RM, EV 85.0 MPH)
Batting: RHB Luis Gomez 0-0: Called Strike
0-1: Foul Ball, location: 2F
0-2: Ball
1-2: Ball
2-2: Fielders Choice at 2nd, 6-4 (Groundball, 6, EV 79.4 MPH)
Bottom of the 5th over - 1 run, 2 hits, 0 errors, 1 left on base; Tri-City 1 - Renton 2
TOP OF THE 6TH
Tri-City Dust Devils batting - Pitching for Renton Wrecks : RHP Gary Frank
Batting: LHB LaVel Freeman 0-0: Called Strike
0-1: Ball
1-1: DOUBLE (Line Drive, 8RXD, EV 102.5 MPH)
Batting: LHB Kevin Jones 0-0: Called Strike
0-1: Swinging Strike
0-2: Ball
1-2: Foul Ball, location: 2F
1-2: Ball
2-2: Foul Ball, location: 2F
2-2: Foul Ball, location: 2F
2-2: Foul Ball, location: 2F
2-2: Ground out 6-3 (Groundball, 56, EV 81.9 MPH)
Batting: RHB Desmond Brooks 0-0: Ball
1-0: Called Strike
1-1: Foul Ball, location: 2F
1-2: Ball
2-2: Ball
3-2: Fly out, F9 (Flyball, 9S, EV 81.9 MPH)
Batting: LHB Rafael Codinach 0-0: Called Strike
0-1: Ball
1-1: Called Strike
1-2: Fly out, F9 (Flyball, 89S, EV 85.0 MPH)
Top of the 6th over - 0 runs, 1 hit, 0 errors, 1 left on base; Tri-City 1 - Renton 2
BOTTOM OF THE 6TH
Renton Wrecks batting - Pitching for Tri-City Dust Devils : RHP Guillermo Perez
Batting: RHB Stan Holmes 0-0: Fly out, F9 (Flyball, 9S, EV 87.5 MPH)
Batting: SHB Ethan Charles 0-0: Ball
1-0: Called Strike
1-1: Ball
2-1: Ground out 5-3 (Groundball, 56S, EV 86.9 MPH)
Batting: RHB Jose Leiva 0-0: Ball
1-0: Foul Ball, location: 2F
1-1: Called Strike
1-2: Ground out 6-3 (Groundball, 6, EV 101.9 MPH)
Bottom of the 6th over - 0 runs, 0 hits, 0 errors, 0 left on base; Tri-City 1 - Renton 2
TOP OF THE 7TH
Tri-City Dust Devils batting - Pitching for Renton Wrecks : RHP Gary Frank
Batting: RHB Felipe Hernandez 0-0: Called Strike
0-1: Ball
1-1: Ball
2-1: Called Strike
2-2: SOLO HOME RUN (Flyball, 7D, EV 95.0 MPH), Distance : 385 ft
Batting: LHB George Priftis 0-0: Ball
1-0: Foul Ball, location: 2F
1-1: Ball
2-1: Ball
3-1: Base on Balls
Batting: LHB Daraka Shaheed 0-0: Ball
1-0: Fielders Choice at 2nd, 5-4 (Groundball, 56S, EV 88.8 MPH)
Batting: RHB Dennis Glynn 0-0: SINGLE (Popup, 3S, EV 80.0 MPH)
Daraka Shaheed to second
Batting: RHB Jeff DeWillis 0-0: Ball
Daraka Shaheed steals 3rd base
Dennis Glynn to second
1-0: SINGLE (Flyball, 56D, EV 86.9 MPH)
Daraka Shaheed scores
Dennis Glynn to third
Runner from 3rd tries for Home, SAFE, throw by LF to home
Batting: LHB LaVel Freeman 0-0: Foul Ball, location: 2F
0-1: SINGLE (Line Drive, 6MD, EV 107.5 MPH)
Jeff DeWillis to second
Batting: LHB Kevin Jones 0-0: Fielders Choice at 2nd, 2-6 (Groundball, 13S, EV 75.0 MPH)
Jeff DeWillis to third
Batting: RHB Desmond Brooks 0-0: Ball
1-0: Called Strike
1-1: Called Strike
1-2: Ball
2-2: Strikes out looking
Top of the 7th over - 3 runs, 4 hits, 0 errors, 2 left on base; Tri-City 4 - Renton 2
BOTTOM OF THE 7TH
Renton Wrecks batting - Pitching for Tri-City Dust Devils : RHP Guillermo Perez
Batting: LHB Paul Thoutsis 0-0: Ball
1-0: Foul Ball, location: 2F
1-1: Foul Ball, location: 2F
1-2: Ball
2-2: Strikes out swinging
Batting: RHB Frank Garcia 0-0: Ball
1-0: Ball
2-0: SINGLE (Line Drive, 89S, EV 94.4 MPH)
Batting: LHB Christian Bryeans 0-0: Called Strike
0-1: Ball
1-1: Ball
2-1: Ground out 5-3 (Groundball, 56S, EV 73.8 MPH)
Frank Garcia to second
Batting: RHB Rolando Pino 0-0: Ball
1-0: Ball
2-0: Called Strike
2-1: Foul Ball, location: 2F
2-2: Ball
3-2: Fly out, F9 (Flyball, 9S, EV 90.6 MPH)
Bottom of the 7th over - 0 runs, 1 hit, 0 errors, 1 left on base; Tri-City 4 - Renton 2
TOP OF THE 8TH
Tri-City Dust Devils batting - Pitching for Renton Wrecks : RHP Gary Frank
Batting: LHB Rafael Codinach 0-0: Swinging Strike
0-1: Ball
1-1: SINGLE (Groundball, 4MD, EV 104.4 MPH)
Batting: RHB Felipe Hernandez 0-0: Ball
1-0: Called Strike
1-1: Grounds into double play, 6-4-3 (Groundball, 6, EV 101.3 MPH)
Batting: LHB George Priftis 0-0: Ball
1-0: Ball
2-0: Ball
3-0: Base on Balls
Batting: LHB Daraka Shaheed 0-0: Called Strike
0-1: Ball
1-1: Ball
2-1: Foul Ball, location: 2F
2-2: Foul Ball, location: 2F
2-2: DOUBLE (Line Drive, 7LD, EV 102.5 MPH)
George Priftis to third
Runner from 3rd tries for Home, SAFE, no throw by LF
Pitching: RHP Gregory Norris
Batting: RHB Dennis Glynn 0-0: Ball
1-0: Ball
2-0: Ball
3-0: Base on Balls
Batting: RHB Jeff DeWillis 0-0: Ball
1-0: Called Strike
1-1: Ball
2-1: Ball
3-1: Called Strike
3-2: Foul Ball, location: 2F
3-2: Base on Balls
Daraka Shaheed to third
Dennis Glynn to second
Batting: LHB LaVel Freeman 0-0: Called Strike
0-1: Ball
1-1: Ball
2-1: Ball
3-1: GRAND SLAM HOME RUN (Flyball, 89XD, EV 86.3 MPH), Distance : 402 ft
Pinch Hitting: RHB Jonas Guerrero 0-0: Fly out, F8 (Line Drive, 8LM, EV 106.3 MPH)
Top of the 8th over - 5 runs, 3 hits, 0 errors, 0 left on base; Tri-City 9 - Renton 2
BOTTOM OF THE 8TH
Renton Wrecks batting - Pitching for Tri-City Dust Devils : RHP Guillermo Perez
Now in RF: Jonas Guerrero
Pinch Hitting: LHB Freddy Tiburcio 0-0: Foul Ball, location: 2F
0-1: Called Strike
0-2: Ball
1-2: Foul Ball, location: 2F
1-2: Fly out, F9 (Flyball, 89S, EV 88.1 MPH)
Batting: RHB Luis Gomez 0-0: Called Strike
0-1: Foul Ball, location: 2F
0-2: Reached on error, E1 (Groundball, P, EV 73.8 MPH)
Batting: RHB Stan Holmes 0-0: Ball
1-0: Ball
2-0: Ball
3-0: Called Strike
3-1: Base on Balls
Luis Gomez to second
Batting: SHB Ethan Charles 0-0: Called Strike
0-1: Called Strike
0-2: Ball
1-2: Fly out, F6 (Flyball, 56D, EV 81.3 MPH)
Batting: RHB Jose Leiva 0-0: Called Strike
0-1: Fly out, F7 (Flyball, 7LS, EV 89.4 MPH)
Bottom of the 8th over - 0 runs, 0 hits, 1 error, 2 left on base; Tri-City 9 - Renton 2
TOP OF THE 9TH
Tri-City Dust Devils batting - Pitching for Renton Wrecks : RHP Gregory Norris
Now in RF: Freddy Tiburcio
Batting: RHB Desmond Brooks 0-0: Called Strike
0-1: Ball
1-1: Swinging Strike
1-2: Foul Ball, location: 2F
1-2: Ball
2-2: Ball
3-2: Fly out, F7 (Flyball, 7S, EV 78.8 MPH)
Pinch Hitting: RHB Tony Bagwell 0-0: Ball
1-0: Called Strike
1-1: Swinging Strike
1-2: Ground out 5-3 (Groundball, 5L, EV 84.4 MPH)
Batting: RHB Felipe Hernandez 0-0: Called Strike
0-1: Ball
1-1: Ball
2-1: Foul Ball, location: 2F
2-2: Strikes out looking
Top of the 9th over - 0 runs, 0 hits, 0 errors, 0 left on base; Tri-City 9 - Renton 2
BOTTOM OF THE 9TH
Renton Wrecks batting - Pitching for Tri-City Dust Devils : RHP Guillermo Perez
Now at 1B: Tony Bagwell
Batting: LHB Paul Thoutsis 0-0: Ball
1-0: Fly out, F8 (Flyball, 8LS, EV 86.9 MPH)
Pinch Hitting: RHB Mike Henley 0-0: Ball
1-0: Ball
2-0: Fly out, F7 (Flyball, 7LM, EV 90.6 MPH)
Batting: LHB Christian Bryeans 0-0: Ball
1-0: DOUBLE (Line Drive, 7LM, EV 90.0 MPH)
Batting: RHB Rolando Pino 0-0: Fly out, F7 (Flyball, 78M, EV 95.0 MPH)
Bottom of the 9th over - 0 runs, 1 hit, 0 errors, 1 left on base; Tri-City 9 - Renton 2
Wednesday, August 12th, 2020 - OOTP Baseball 21.5 Build 76